 Dungeon Crawl Stone Soup version 0.28.0-53-g5a82cb258f (webtiles) character file.

Game seed: 11412455940716541186

73 Duralumin the Firebug (level 4, -14/30 HPs)
             Began as a Demonspawn Fire Elementalist on June 10, 2022.
             Killed from afar by Terence (17 damage)
             ... with an iceblast
             ... on level 3 of the Dungeon.
             The game lasted 00:11:50 (2193 turns).

Duralumin the Firebug (DsFE)                        Turns: 2193, Time: 00:11:51

Health: -14/30     AC:  4    Str:  8    XL:     4   Next: 8%
Magic:  5/8        EV: 12    Int: 19    God:
Gold:   120        SH:  0    Dex: 13    Spells: 5/8 levels left

rFire   . . .      SeeInvis .   (no weapon)
rCold   . . .      Faith    .   (no shield)
rNeg    . . .      Spirit   .   a - +0 robe
rPois   .          Reflect  .   e - +0 helmet
rElec   .          Harm     .   (no cloak)
rCorr   .          Rampage  .   (no gloves)
Will    .....                   (no boots)
Stlth   ++........              (no amulet)
HPRegen 0.10/turn               (no ring)
MPRegen 0.11/turn               (no ring)

@: mighty
A: rugged brown scales 1, demonic guardian 1, powered by pain 1
a: no special abilities


You were on level 3 of the Dungeon.
You visited 1 branch of the dungeon, and saw 3 of its levels.

You collected 120 gold pieces.

Inventory:

Armour
 a - a +0 robe (worn)
 e - a +0 helmet (worn)
Scrolls
 c - a scroll of teleportation {unknown}
 d - a scroll of identify {unknown}
Potions
 b - a potion of curing
 f - a potion of berserk rage {unknown}
 g - a potion of heal wounds {unknown}
 h - a potion of ambrosia {unknown}
 i - a potion of attraction {unknown}


   Skills:
 - Level 1.7 Dodging
 - Level 1.7 Stealth
 + Level 2.8 Spellcasting
 + Level 2.3 Conjurations
 + Level 3.3 Fire Magic


You had 5 spell levels left.
You knew the following spells:

 Your Spells              Type           Power      Damage    Failure   Level
a - Foxfire               Conj/Fire      52%        2x1d6     4%          1
b - Scorch                Fire           30%        2d7       6%          2

Your spell library contained the following spells:

 Spells                   Type           Power      Damage    Failure   Level
 Magic Dart               Conj           44%        1d5       6%          1
 Conjure Flame            Conj/Fire      13%        6-21      14%         3
 Call Imp                 Summ           2%         N/A       24%         2
 Inner Flame              Hex/Fire       9%         N/A       24%         3
 Mephitic Cloud           Conj/Pois/Air  5%         N/A       32%         3
 Flame Wave               Conj/Fire      13%        2d6       43%         4


Dungeon Overview and Level Annotations

Branches:
Dungeon (3/15)

Altars:

Annotations:
D:3 Terence


Innate Abilities, Weirdness & Mutations

You are partially covered in rugged brown scales. (AC +1, +3% HP)
A weak demonic guardian rushes to your aid.
You sometimes gain a little power by taking damage.


Message History

You conjure some foxfire!
Casting: Foxfire (safe; 4% risk of failure)
Confirm with . or Enter, or press ? or * to list all spells.
You conjure some foxfire!
The foxfire hits the endoplasm.
The endoplasm is heavily wounded.
The foxfire hits the endoplasm.
The endoplasm is almost dead.
Terence shouts, "Get ready for death!"
The foxfire hits the endoplasm.
You kill the endoplasm!
The foxfire hits Terence but does no damage.
There is an open door here.
Casting: Foxfire (safe; 4% risk of failure)
Confirm with . or Enter, or press ? or * to list all spells.
You conjure some foxfire!
Your foxfire dissipates!
The foxfire hits Terence but does no damage.
Terence zaps a wand.
The mass of ice explodes!
The iceblast engulfs you!
Ouch! That really hurt!
* * * LOW HITPOINT WARNING * * *
A demonic guardian appears!
You focus on the pain.
You feel very mighty all of a sudden. The iceblast engulfs your shadow imp.
Your shadow imp partially resists.
You hear an angry hiss. x2
Casting: Foxfire (safe; 4% risk of failure)
Confirm with . or Enter, or press ? or * to list all spells.
You conjure some foxfire!
Terence hits your shadow imp with a +0 falchion.
Your shadow imp hits Terence.
Your foxfire dissipates!
The foxfire hits Terence.
Terence is lightly wounded.
An adder comes into view.
Terence hits your shadow imp with a +0 falchion.
Your shadow imp dies!
Your shadow imp disappears in a puff of smoke!
Terence zaps a wand.
The mass of ice explodes!
The iceblast engulfs you!
Ouch! That really hurt!
You die...

.........# #
###..#...# #
...>.#...# #
####.#...# #
#.#[..# #
#.#<..# #
###.#.#.# #
#####...†.#.# #
...#.......###@#
#
...'....S@§§§§.#
#
...#.......#####
# #.......#
#.......#
#.......#
#########


You could see Terence and an adder.

Vanquished Creatures
  An adder (D:2)
  A worm (D:2)
  A dart slug (D:2)
  3 bats
  4 endoplasms
  5 giant cockroaches
  5 goblins
  9 hobgoblins
  4 jackals (D:2)
  4 kobolds
  2 quokkas
  5 ball pythons
  2 frilled lizards (D:2)
  4 rats
50 creatures vanquished.

Vanquished Creatures (others)
  137 foxfires
137 creatures vanquished.

Grand Total: 187 creatures vanquished

Notes
Turn   | Place    | Note
-------+----------+-------------------------------------------
     0 | D:1      | Duralumin the Demonspawn Fire Elementalist began the quest
                  | for the Orb.
     0 | D:1      | Reached XP level 1. HP: 13/13 MP: 3/3
   573 | D:1      | Gained mutation: You sometimes gain a little power by
                  | taking damage. [demonic ancestry]
   573 | D:1      | Reached XP level 2. HP: 19/19 MP: 1/5
   631 | D:1      | Learned a level 2 spell: Scorch
   690 | D:1      | Reached skill level 3 in Fire Magic
   774 | D:1      | You fall into a shaft and drop 1 floor!
   987 | D:2      | Gained mutation: You are partially covered in rugged brown
                  | scales. (AC +1, +3% HP) [demonic ancestry]
   987 | D:2      | Reached XP level 3. HP: 15/24 MP: 0/6
  1931 | D:3      | Gained mutation: A weak demonic guardian rushes to your
                  | aid. [demonic ancestry]
  1931 | D:3      | Reached XP level 4. HP: 14/30 MP: 0/8
  2182 | D:3      | Noticed Terence
  2193 | D:3      | Killed from afar by Terence

Illustrated notes

Levels and vault maps discovered:
D:1:      dpeg_arrival_chambers_temple_mockup, layout_basic,
          basic_ecumenical_altar
D:2:      layout_rooms
D:3:      layout_basic, tgw_xom, kennysheep_generic_room_5, uniq_terence,
          uniq_robin, uniq_grinder

Skill      XL: |  1  2  3 |
---------------+----------+-----
Fire Magic     | 3 |  3.3
Conjurations   | 2 |  2.3
Dodging        | |  1.7
Stealth        | |  1.7
Spellcasting   | |  2.8

Action                   |  1- 3 |  4- 6 || total
-------------------------+-------+-------++-------
Melee: Unarmed           |    47 |     8 ||    55
 Cast: Foxfire           |    91 |     7 ||    98
       Scorch            |     3 |       ||     3
  Use: Potion            |     1 |       ||     1
Armor: Robe              |    23 |     4 ||    27
Dodge: Dodged            |    83 |     5 ||    88
